 Dungeon Crawl Stone Soup version 0.29.1-4-g47bece8355 (webtiles) character file.

Game seed: 297736934857487424

48 DildoBatman the Conjurer (level 4, -3/31 (32) HPs)
             Began as a Formicid Conjurer on Dec 9, 2022.
             Slain by a hobgoblin (5 damage)
             ... on level 2 of the Dungeon.
             The game lasted 00:03:19 (1443 turns).

DildoBatman the Conjurer (Formicid Conjurer)        Turns: 1443, Time: 00:03:19

HP:   -3/31 (32)    AC:  2    Str: 12    XL:     4   Next: 0%
MP:   8/8           EV: 12    Int: 19    God:
Gold: 64            SH:  0    Dex: 12    Spells: 5/8 levels left

rFire   . . .      SeeInvis +   k - +0 sling
rCold   . . .      Faith    .   (no shield)
rNeg    . . .      Spirit   .   a - +0 robe
rPois   .          Reflect  .   (helmet unavailable)
rElec   .          Harm     .   (no cloak)
rCorr   .          Rampage  .   (no gloves)
Will    .....                   (no boots)
Stlth   ++........              (no amulet)
HPRegen 0.10/turn               (no ring)
MPRegen 0.11/turn               (no ring)

@: lightly drained
A: permanent stasis, dig shafts and tunnels, antennae 3, four strong arms
a: Dig, Shaft Self


You were on level 2 of the Dungeon.
You visited 1 branch of the dungeon, and saw 2 of its levels.

You collected 64 gold pieces.

Inventory:

Hand Weapons
 d - a +0 club
 k - a +0 sling (weapon)
Missiles
 p - 8 stones
Armour
 a - a +0 robe (worn)
Scrolls
 c - 3 scrolls of teleportation {unknown}
 e - a scroll of noise {unknown}
 h - a scroll of fog {unknown}
 i - a scroll of poison {unknown}
 j - a scroll of immolation {unknown}
 o - 2 scrolls of identify {unknown}
Potions
 b - 2 potions of magic
 f - 2 potions of flight {unknown}
 g - a potion of attraction {unknown}
 l - a potion of degeneration {unknown}
 m - 2 potions of lignification {unknown}
 n - a potion of curing {unknown}


   Skills:
 * Level 1.4 Fighting
 * Level 1.4 Armour
 - Level 2.0 Dodging
 - Level 2.4 Stealth
 * Level 2.7 Spellcasting
 * Level 3.9 Conjurations


You had 5 spell levels left.
You knew the following spells:

 Your Spells              Type           Power      Damage    Failure   Level
a - Searing Ray           Conj           34%        2d5       4%          2
c - Magic Dart            Conj           68%        1d6       3%          1

Your spell library contained the following spells:

 Spells                   Type           Power      Damage    Failure   Level
 Dazzling Flash           Conj/Hex       20%        N/A       22%         3
 Call Imp                 Summ           2%         N/A       24%         2
 Mephitic Cloud           Conj/Pois/Air  7%         N/A       28%         3
 Fulminant Prism          Conj/Hex       5%         3d7       56%         4
 Iskenderun's Mystic Bla  Conj/Tloc      10%        2d4       56%         4


Dungeon Overview and Level Annotations

Branches:
Dungeon (2/15)

Altars:
Ru


Innate Abilities, Weirdness & Mutations

You cannot be hasted, slowed, berserked, paralysed or teleported.
You can dig through walls and to a lower floor.
You have a pair of large antennae on your head. (SInv)
Your four strong arms can wield two-handed weapons with a shield.


Message History

t - Shout!
Orders for allies: a - Attack new target. r - Retreat! s - Stop attacking. g - Guard the area. f - Follow me.
Anything else - Cancel.
You shout for attention!
The hobgoblin hits you. What are your orders? t - Shout!
Orders for allies: a - Attack new target. r - Retreat! s - Stop attacking. g - Guard the area. f - Follow me.
Anything else - Cancel.
You shout for attention!
The hobgoblin misses you. What are your orders? t - Shout!
Orders for allies: a - Attack new target. r - Retreat! s - Stop attacking. g - Guard the area. f - Follow me.
Anything else - Cancel.
You shout for attention!
The hobgoblin hits you. What are your orders? t - Shout!
Orders for allies: a - Attack new target. r - Retreat! s - Stop attacking. g - Guard the area. f - Follow me.
Anything else - Cancel.
You shout for attention!
The hobgoblin hits you. What are your orders? t - Shout!
Orders for allies: a - Attack new target. r - Retreat! s - Stop attacking. g - Guard the area. f - Follow me.
Anything else - Cancel.
You shout for attention!
The hobgoblin hits you.
You die...

## . #.
..###.#
#......###
.......g.##
##
########@.#
.. ##.####.#
#######
#)..##.#
#......
###.##.#
#.#####
#.##.#
#.#####
#..#.#
#.#....
##...#
#.#.###
##..####.#.#
#..†....#.#
#


You could see a hobgoblin.

Vanquished Creatures
  A worm (D:2)
  4 dart slugs (D:1)
  2 ball pythons
  3 endoplasms
  3 giant cockroaches
  4 hobgoblins
  2 quokkas
  6 bats
  A frilled lizard (D:1)
  4 goblins
  5 rats
35 creatures vanquished.

Vanquished Creatures (others)
  A fungus (D:1)
1 creature vanquished.

Grand Total: 36 creatures vanquished

Notes
Turn   | Place    | Note
-------+----------+-------------------------------------------
     0 | D:1      | DildoBatman the Formicid Conjurer began the quest for the
                  | Orb.
     0 | D:1      | Reached XP level 1. HP: 13/13 MP: 3/3
   234 | D:1      | Reached XP level 2. HP: 20/20 MP: 0/5
   237 | D:1      | Learned a level 2 spell: Searing Ray
   287 | D:1      | Found a faded altar of an unknown god.
   494 | D:1      | Reached skill level 1 in Armour
   526 | D:1      | Reached skill level 1 in Fighting
   526 | D:1      | Reached XP level 3. HP: 19/26 MP: 4/6
  1183 | D:2      | Found a sacrificial altar of Ru.
  1393 | D:2      | Reached XP level 4. HP: 31/31 MP: 5/8
  1443 | D:2      | Slain by a hobgoblin

Illustrated notes

Levels and vault maps discovered:
D:1:      dpeg_cavernosity, layout_rooms,
          hellmonk_ecumenical_altar_pennies_from_heaven, grunt_decor_resistance
D:2:      layout_basic, basic_altar, serial_glass, glass_columns_a,
          glass_columns_b, glass_columns_a, glass_columns_b, glass_columns_b,
          glass_columns_a, glass_columns_a, glass_columns_a,
          minmay_misc_feat_diagonals, st_stairs_5, uniq_crazy_yiuf_cottage

Skill      XL: |  1  2 |
---------------+-------+-----
Dodging        | 2 |  2.0
Armour         | 1 |  1.4
Fighting       | 1 |  1.4
Stealth        | |  2.4
Spellcasting   | |  2.7
Conjurations   | |  3.9

Action                   |  1- 3 |  4- 6 || total
-------------------------+-------+-------++-------
Melee: Unarmed           |     1 |       ||     1
       Club              |    16 |       ||    16
 Fire: Sling             |    22 |       ||    22
 Cast: Magic Dart        |    56 |       ||    56
       Searing Ray       |     2 |       ||     2
 Abil: Dig               |     1 |       ||     1
Armor: Robe              |    12 |     5 ||    17
Dodge: Dodged            |    28 |    30 ||    58
